 Dungeon Crawl Stone Soup version 0.28.0-45-g0d030f2227 (webtiles) character file.

Game seed: 12849396523542763525

184 issech the Cudgeller (level 5, -1/53 HPs)
             Began as a Troll Monk on Apr 19, 2022.
             Splashed by a jelly's acid (9 damage)
             ... on level 4 of the Dungeon.
             The game lasted 00:09:08 (2382 turns).

issech the Cudgeller (Troll Monk)                   Turns: 2382, Time: 00:09:08

Health: -1/53      AC:  1    Str: 19    XL:     5   Next: 36%
Magic:  4/4        EV: 10    Int:  6    God:
Gold:   114        SH:  0    Dex: 14    Spells: 4/4 levels left

rFire   . . .      SeeInvis .   g - +0 flail
rCold   . . .      Faith    .   (no shield)
rNeg    . . .      Spirit   .   b - +0 robe
rPois   .          Reflect  .   s - +1 hat
rElec   .          Harm     .   (no cloak)
rCorr   .          Rampage  .   (gloves unavailable)
Will    .....                   (boots unavailable)
Stlth   ++........              (no amulet)
HPRegen 0.97/turn               (no ring)
MPRegen 0.09/turn               (no ring)

@: corroded
A: large, unfitting armour, claws 3, regeneration 1, shaggy fur 1, tough skin 1
a: no special abilities


You were on level 4 of the Dungeon.
You visited 1 branch of the dungeon, and saw 4 of its levels.

You collected 114 gold pieces.

Inventory:

Hand Weapons
 a - a +0 mace
 g - a +0 flail (weapon)
 i - a +0 dagger of venom
 m - a +0 hunting sling
Missiles
 c - 113 stones
 f - 49 arrows
 k - 4 javelins
 n - 58 sling bullets
 o - a boomerang (quivered)
Armour
 b - a +0 robe (worn)
 s - a +1 hat (worn)
Scrolls
 e - a scroll of teleportation {unknown}
 h - 2 scrolls of enchant weapon {unknown}
 p - 2 scrolls of noise {unknown}
 r - a scroll of identify {unknown}
Potions
 d - a potion of curing {unknown}
 j - a potion of invisibility {unknown}
 l - 2 potions of lignification {unknown}
 q - a potion of haste {unknown}


   Skills:
 + Level 3.2 Fighting
 + Level 4.2 Maces & Flails
 + Level 0.7 Throwing
 + Level 3.2 Dodging
 + Level 1.1 Stealth


You had 4 spell levels left.
You didn't know any spells.
Your spell library was empty.

Dungeon Overview and Level Annotations

Branches:
Dungeon (4/15)
 Temple: D:4-7

Altars:


Innate Abilities, Weirdness & Mutations

You are too large for most types of armour.
You have claws for hands.
Your natural rate of healing is unusually fast.
You are covered in fur. (AC +1)
You have tough skin. (AC +1)


Message History

You kill the adder!
You barely miss the quokka.
The quokka bites you but does no damage.
The quokka closely misses you.
You miss the quokka. The quokka closely misses you.
You barely miss the quokka. The quokka closely misses you.
The quokka bites you.
You hit the quokka.
The quokka is heavily wounded.
The quokka bites you but does no damage.
You barely miss the quokka.
The quokka is heavily wounded.
The quokka bites you.
The quokka bites you but does no damage.
You closely miss the quokka.
The quokka is heavily wounded.
The endoplasm quivers.
The quokka completely misses you.
The endoplasm jiggles.
You closely miss the quokka.
The quokka is heavily wounded.
The quokka closely misses you. The quokka bites you.
You thump the quokka!
You kill the quokka!
You hit the jelly.
Your claws burn!
The jelly is moderately wounded.
The jelly hits you but does no damage.
You hit the jelly.
Your claws burn!
The jelly is heavily wounded.
The jelly completely misses you.
You hit the jelly.
Your claws burn!
The jelly is severely wounded.
The jelly hits you.
* * * LOW HITPOINT WARNING * * *
The acid corrodes you!
You are splashed with acid.
* * * LOW HITPOINT WARNING * * *
The jelly hits you.
* * * LOW HITPOINT WARNING * * *
You are splashed with acid!
You die...

... ..' ### ... ..#
#.. ... ... #.#
#.##'###. #.#
#.......# #.#
#.......#
##.####J......#
#####...@JgBJ.....#
##......####O#######
## #...[.[...##...
≈#####
#....#.##.######
≈≈≈≈≈###8..8#.##.#
≈≈≈≈≈≈≈≈8..8#....#
≈≈≈≈≈≈≈≈≈..≈#.####
≈≈≈≈≈≈≈≈≈..≈≈≈≈#
...≈≈≈≈≈≈..≈≈≈≈≈≈


You could see an ogre, a jelly, 2 endoplasms, a giant cockroach and a hobgoblin.

Vanquished Creatures
  A hound (D:4)
  5 adders
  An adder skeleton (D:4)
  4 worms
  12 orcs
  4 ball pythons
  3 bats
  6 endoplasms
  4 goblins
  10 hobgoblins
  11 jackals
  2 quokkas
  A frilled lizard (D:2)
  7 kobolds
  8 rats
79 creatures vanquished.

Vanquished Creatures (others)
  4 plants (D:3)
  5 withered plants (D:3)
9 creatures vanquished.

Grand Total: 88 creatures vanquished

Notes
Turn   | Place    | Note
-------+----------+-------------------------------------------
     0 | D:1      | issech the Troll Monk began the quest for the Orb.
     0 | D:1      | Reached XP level 1. HP: 22/22 MP: 0/0
   111 | D:1      | Reached XP level 2. HP: 29/29 MP: 1/1
   321 | D:1      | Reached skill level 3 in Maces & Flails
   588 | D:2      | Reached XP level 3. HP: 36/36 MP: 2/2
  1390 | D:3      | Reached XP level 4. HP: 22/44 MP: 3/3
  1875 | D:3      | Found a faded altar of an unknown god.
  2164 | D:4      | Reached skill level 4 in Maces & Flails
  2164 | D:4      | Reached XP level 5. HP: 53/53 MP: 4/4
  2351 | D:4      | Noticed an ogre
  2382 | D:4      | Splashed by a jelly's acid

Illustrated notes

Levels and vault maps discovered:
D:1:      dpeg_arrival_refuge, layout_basic
D:2:      cheibrodos_helix_gallery, layout_basic, dk_vineyard_1,
          minmay_splitting_lines
D:3:      layout_basic, shapermc_ecumenical_altar_flowoftime
D:4:      wander_river, layout_basic

Skill      XL: |  1  2  3  4 |
---------------+-------------+-----
Maces & Flails | 3 4 |  4.2
Dodging        | 3 |  3.2
Fighting       | 3 |  3.2
Throwing       | |  0.7
Stealth        | |  1.1

Action                   |  1- 3 |  4- 6 || total
-------------------------+-------+-------++-------
Melee: Mace              |    29 |       ||    29
       Flail             |   134 |   154 ||   288
       Punch             |     3 |     1 ||     4
Throw: Stone             |     3 |       ||     3
 Stab: Sleeping          |     1 |     1 ||     2
Armor: Robe              |    93 |    52 ||   145
Dodge: Dodged            |   139 |    92 ||   231
